 Dungeon Crawl Stone Soup version 0.31-a0-441-g867994ef1c (webtiles) character file.

Game seed: 9846378990004983288

86 Gelion the Changeling (level 4, -1/29 HPs)
             Began as an Octopode Shapeshifter on Aug 2, 2023.
             Slain by Ijyb
             ... wielding a +0 club
              (7 damage)
             ... on level 3 of the Dungeon.
             The game lasted 00:03:55 (1523 turns).

Gelion the Changeling (Octopode Shapeshifter)       Turns: 1523, Time: 00:03:56

Health: -1/29      AC:  1    Str: 14    XL:     4   Next: 50%
Magic:  4/4        EV: 10    Int: 10    God:
Gold:   87         SH:  4    Dex: 14    Spells: 3/3 levels left

rFire   . .          .
                       - Unarmed
rCold   . . .        h - +0 buckler
rNeg    . . .        (helmet currently unavailable)
rPois   .            (no amulet)
rElec   .            (no ring)
rCorr   .            (no ring)
SInv    .            (no ring)
Will    .....        (no ring)
Stlth   ++           (no ring)
HPRegen 0.24/turn    (no ring)
MPRegen 0.09/turn    (no ring)
                     (no ring)

%: no passive effects
@: beast-form, grasped by roots, constricted
A: beast (slay +2), almost no armour, amphibious, 8 rings, camouflage 1,
gelatinous body 1, (nimble swimmer 1), tentacles
a: Begin Untransformation


You were on level 3 of the Dungeon.
You were a hulking beast.
You visited 1 branch of the dungeon, and saw 3 of its levels.

You collected 87 gold pieces.

Inventory:

Armour
 c - a +0 tower shield
 h - a +0 buckler (worn)
 k - a +0 hat
Talismans
 b - a beast talisman (active)
Scrolls
 m - a scroll of fear
Potions
 a - 2 potions of lignification
 d - 2 potions of might
 e - a potion of curing {unknown}
 f - a potion of mutation {unknown}
 n - a potion of brilliance {unknown}


   Skills:
 + Level 2.0 Fighting
 - Level 2.0 Dodging
 + Level 1.1 Shields
 + Level 3.5 Unarmed Combat
 * Level 3.7 Shapeshifting


You had 3 spell levels left.
You didn't know any spells.
Your spell library contained the following spells:

 Spells                   Type           Power      Damage    Failure   Level
 Sublimation of Blood     Necr           0%         N/A       61%         2
 Wereblood                Tmut           0%         N/A       61%         2
 Call Canine Familiar     Summ           0%         N/A       83%         3
 Portal Projectile        Hex/Tloc       0%         N/A       83%         3
 Leda's Liquefaction      Hex/Erth       0%         N/A       99%         4
 Summon Hydra             Summ           0%         N/A       100%        7


Dungeon Overview and Level Annotations

Branches:
Dungeon (3/15)

Altars:

Shops:
D:2 ?

Annotations:
D:3 Ijyb


Innate Abilities, Weirdness & Mutations

You are a hulking beast.
Your limbs bulge with bestial killing power. (Slay +2)
You cannot wear most types of armour.
You are amphibious.
You can wear up to eight rings at the same time.
Your skin changes colour to match your surroundings (Stealth+).
Your rubbery body absorbs attacks. (AC +1, EV +1)
((You are camouflaged when in or above water. (Stealth+)))
You have tentacles for arms and can constrict up to eight enemies at once.


Message History

You barely miss the bat. You grab the bat. You constrict the bat.
The bat barely misses you.
The bat struggles to escape constriction.
Ijyb zaps a wand.
The roots erupt in riotous growth!
The bat is unaffected.
The grasping roots grab you! The grasping roots constrict you.
The bat closely misses you.
You tentacle-slap the bat but do no damage.
You squeeze the bat.
You kill the bat!
The grasping roots constrict you.
You escape the roots grasp.
Found 6 stones.
You see here a bat corpse.
Found a stone staircase leading up.
Ijyb grins evilly.
Ijyb zaps a wand.
The roots erupt in riotous growth!
The grasping roots grab you!
Ijyb is unaffected.
The grasping roots constrict you.
You completely miss Ijyb. You grab Ijyb. You constrict Ijyb, but do no damage.
Ijyb closely misses you. The grasping roots constrict you.
You tentacle-slap Ijyb. You squeeze Ijyb.
Ijyb is moderately wounded.
You constrict Ijyb.
Ijyb screams, "Get away!"
Ijyb barely misses you. The grasping roots constrict you!
* * * LOW HITPOINT WARNING * * *
You tentacle-slap Ijyb.
Ijyb is moderately wounded.
You constrict Ijyb, but do no damage.
The grasping roots release their grip on you.
You tentacle-slap Ijyb but do no damage.
Ijyb is moderately wounded.
You constrict Ijyb.
Ijyb zaps a wand.
The roots erupt in riotous growth!
The grasping roots grab you!
Ijyb is unaffected.
The grasping roots constrict you.
* * * LOW HITPOINT WARNING * * *
You tentacle-slap Ijyb.
You tentacle-slap Ijyb, but do no damage.
Ijyb is heavily wounded.
You constrict Ijyb. Ijyb hits you with a +0 club!
You die...

#. .. ... #..
...##.#.# ######
#..#.( #.....
##.#.##### ##.....
#....$...# ##......
#........####.......
#...................
###..........###.....
#..gh†.####### ##....
........†..# ####.
.#....####....< #.
...... ...... #.
..... ....... .....
....... .... ...>...
#### #######


You could see Ijyb.

Vanquished Creatures
  3 adders
  2 worms (D:2)
  A dart slug (D:2)
  4 bats
  2 endoplasms
  A giant cockroach (D:2)
  11 goblins
  6 hobgoblins
  4 jackals (D:2)
  2 quokkas
  6 ball pythons
  A frilled lizard (D:1)
  2 kobolds
  3 rats
48 creatures vanquished.

Notes
Turn   | Place    | Note
-------+----------+-------------------------------------------
     0 | D:1      | Gelion the Octopode Shapeshifter began the quest for the
                  | Orb.
     0 | D:1      | Reached XP level 1. HP: 13/13 MP: 1/1
   302 | D:1      | Reached XP level 2. HP: 18/18 MP: 2/2
   757 | D:2      | Reached XP level 3. HP: 23/23 MP: 3/3
  1289 | D:2      | Found Viroli's Magic Scroll Shop.
  1292 | D:2      | Reached XP level 4. HP: 29/29 MP: 4/4
  1377 | D:2      | Reached skill level 1 in Shields
  1513 | D:3      | Noticed Ijyb
  1523 | D:3      | Slain by Ijyb

Illustrated notes

Levels and vault maps discovered:
D:1:      minmay_arrival_doors, layout_loops_cross, minmay_3d_cube
D:2:      layout_basic, serial_shops, nicolae_shop_statue_plus,
          palyth_stone_intersect, chequers_serial_rivers_small_a, uniq_robin
D:3:      layout_rooms, mainiacjoe_overflow_cross_hatched,
          mainiacjoe_overflow_paths, nicolae_qazlal_general_emergency, uniq_ijyb

Skill      XL: |  1  2  3  4 |
---------------+-------------+-----
Shields        | 1 |  1.1
Fighting       | 2 |  2.0
Dodging        | |  2.0
Unarmed Combat | |  3.5
Shapeshifting  | |  3.7

Action                     |  1- 3 |  4- 6 || total
---------------------------+-------+-------++-------
  Melee: Unarmed           |    59 |    28 ||    87
         Constrict         |    13 |     7 ||    20
         Tentacles         |    12 |     5 ||    17
         Punch             |     4 |     1 ||     5
    Use: Scroll            |       |     7 ||     7
   Stab: Sleeping          |     9 |     2 ||    11
 Armour: Skin              |     1 |     3 ||     4
  Dodge: Dodged            |    27 |    19 ||    46
  Block: Buckler           |     6 |     4 ||    10

Table legend: (Time is in decaauts)
 A = Elapsed time spent in this place.
 B = Non-inter-level travel time spent in this place.
 C = Inter-level travel time spent in this place.
 D = Time resting spent in this place.
 E = Time spent auto-exploring this place.
 F = Levels seen in this place.
 G = Mean time per level.
                   A        B        C        D        E       F      G
               +--------+--------+--------+--------+--------+-----+--------+
         Total |   1520 |   1451 |     69 |     17 |   1127 |   3 |  506.7 |
       Dungeon |   1520 |   1451 |     69 |     17 |   1127 |   3 |  506.7 |
               +--------+--------+--------+--------+--------+-----+--------+

Top non-repeatable levels by time:
     D:2: 724 daAuts
     D:1: 689 daAuts
     D:3: 106 daAuts
